 Dungeon Crawl Stone Soup version 0.22-a0-402-ga933591 (webtiles) character file.

149 emperorscorpion the Covered (level 5, -1/47 HPs)
             Began as a Minotaur Fighter on May 7, 2018.
             Slain by an orc
             ... wielding a +0 hand axe
              (3 damage)
             ... on level 2 of the Dungeon.
             The game lasted 00:01:41 (739 turns).

emperorscorpion the Covered (Minotaur Fighter)       Turns: 739, Time: 00:01:42

Health: -1/47      AC:  7    Str: 22    XL:     5   Next: 9%
Magic:  4/4        EV:  8    Int:  5    God:
Gold:   61         SH:  9    Dex:  9    Spells: 4/4 levels left

rFire    . . .     SeeInvis .   a - +0 long sword
rCold    . . .     Gourm    .   c - +0 shield
rNeg     . . .     Faith    .   b - +0 scale mail
rPois    .         Spirit   .   (helmet restricted)
rElec    .         Reflect  .   (no cloak)
rCorr    .         Harm     .   (no gloves)
MR       .....                  (no boots)
Stlth    ..........             (no amulet)
HPRegen  0.15/turn              (no ring)
MPRegen  0.09/turn              (no ring)

@: no status effects
A: retaliatory headbutt, horns 2
a: no special abilities


You were on level 2 of the Dungeon.
You were not hungry.

You visited 1 branch of the dungeon, and saw 2 of its levels.

You collected 61 gold pieces.

Inventory:

Hand Weapons
 a - a +0 long sword (weapon)
Armour
 b - a +0 scale mail (worn)
 c - a +0 shield (worn)
Jewellery
 j - an uncursed ring of fire
Scrolls
 e - a scroll of teleportation {unknown}
 g - 3 scrolls of enchant armour {unknown}
 h - a scroll of fog {unknown}
 m - a scroll of remove curse {unknown}
Potions
 d - a potion of might
 k - a potion of resistance
Comestibles
 f - 3 rations
 n - 2 chunks of flesh


   Skills:
 + Level 4.7 Fighting
 + Level 3.9 Long Blades
 + Level 4.7 Armour
 + Level 0.8 Dodging
 + Level 4.3 Shields


You had 4 spell levels left.
You didn't know any spells.

Dungeon Overview and Level Annotations

Branches:
Dungeon (2/15)

Altars:


Innate Abilities, Weirdness & Mutations

You reflexively headbutt those who attack you in melee.
You have a pair of horns on your head.


Message History

The orc hits you but does no damage. Something hits you but does no damage.
You hit something. Your headbutt misses something. The orc barely misses you.
Something hits you.
* * * LOW HITPOINT WARNING * * *
You closely miss something. Your headbutt misses something.
The orc hits you but does no damage. Something hits you but does no damage.
You block the orc's attack.
You miss something.
An orc wizard appears from thin air!
Reactivating autopickup.
The orc wizard hits you but does no damage.
The orc closely misses you.
The orc wizard hits you but does no damage.
You barely miss the orc wizard. Your headbutt misses the orc wizard.
The orc wizard is lightly wounded.
The orc closely misses you. You furiously retaliate!
You headbutt the orc.
The orc wizard hits you but does no damage.
You hit the orc wizard.
The orc wizard is moderately wounded.
The orc hits you with a hand axe.
You die...

#........>..g...<.#.#
#.##.......####...#<#
... #.......# ###.###
..# #.......# .# #.#
#.$.....## ## #.
#?####...# . #.#
#..%# ###'####)).#
#.......@o.##
#.......#o..#
#........#..#
.........#.>...
.........#######
.[##.........# .
#...######.# #.>.#
###...###


You could see an orc wizard and an orc.

Vanquished Creatures
  2 orc priests (D:2)
  6 gnolls (D:2)
  2 adders (D:2)
  A dart slug (D:1)
  An orc (D:2)
  A giant cockroach (D:1)
  2 goblins (D:1)
  A quokka (D:2)
  A bat (D:1)
  3 kobolds
  2 rats (D:2)
22 creatures vanquished.

Notes
Turn   | Place    | Note
-------+----------+-------------------------------------------
     0 | D:1      | emperorscorpion the Minotaur Fighter began the quest for the Orb.
     0 | D:1      | Reached XP level 1. HP: 19/19 MP: 0/0
   103 | D:2      | Reached XP level 2. HP: 27/27 MP: 1/1
   113 | D:2      | Reached XP level 3. HP: 20/33 MP: 2/2
   559 | D:2      | Reached XP level 4. HP: 36/40 MP: 3/3
   710 | D:2      | Reached XP level 5. HP: 8/47 MP: 4/4
   725 | D:2      | HP: 2/70 [something/magic dart (7)]
   731 | D:2      | HP: 1/70 [something/puff of flame (3)]
   739 | D:2      | Slain by an orc

Vault maps used:
D:1:      mrwooster_arrival_statue_2
D:2:      lemuel_doored_altar, grunt_temple_overflow_diamond,
          serial_bayou_pond_d

Skill      XL: |  1  2  3 |
---------------+----------+-----
Armour         | 4 |  4.7
Fighting       | 4 |  4.7
Shields        | 4 |  4.3
Long Blades    | 3 |  3.9
Dodging        | |  0.8

Action                   |  1- 3 |  4- 6 || total
-------------------------+-------+-------++-------
Melee: Long sword        |    44 |    47 ||    91
       Headbutt          |     7 |     4 ||    11
  Use: Potion            |       |     2 ||     2
Armor: Scale mail        |    10 |    13 ||    23
       Skin              |       |    54 ||    54
Dodge: Dodged            |    13 |    15 ||    28
Block: Shield            |    14 |    50 ||    64
       Rpst.: Long sword |     6 |     5 ||    11

Table legend:
 A = Spawn XP
 B = Non-spawn XP
 C = Spawn XP percentage of total XP
 D = Spawn monster count
 E = Non-spawn monster count
 F = Spawn count percentage of total count
 G = Total turns spent on level
                    A         B        C        D         E        F      G
               +---------+---------+-------+---------+---------+-------+---------
         Total |       0 |     214 |   0.0 |       0 |      22 |   0.0 |   739
               +---------+---------+-------+---------+---------+-------+---------
           D:1 |       0 |      12 |   0.0 |       0 |       6 |   0.0 |   328
           D:2 |       0 |     202 |   0.0 |       0 |      16 |   0.0 |   411
               +---------+---------+-------+---------+---------+-------+---------
